 Dungeon Crawl Stone Soup version 0.17.0-23-g0de4337 (console) character file.

1491 gw the Cleaver (level 8, 51/76 HPs)
             Began as a Deep Dwarf Abyssal Knight on Nov 15, 2015.
             Was a Priest of Lugonu.
             Quit the game on level 7 of the Dungeon.
             The game lasted 00:07:58 (4679 turns).

gw the Cleaver (Deep Dwarf Abyssal Knight)          Turns: 4679, Time: 00:07:58

Health: 51/76      AC: 19    Str: 16      XL:     8   Next: 51%
Magic:  2/9        EV:  5    Int: 13      God:    Lugonu [***...]
Gold:   198        SH:  0    Dex: 10 (14) Spells: 0 memorised, 7 levels left

rFire  + . .     SeeInvis +     a - +1 hand axe
rCold  . . .     Clarity  .     e - +0 plate armour
rNeg   + . .     SustAt   .     (no shield)
rPois  .         Gourm    .     q - +2 helmet
rElec  .         Spirit   .     s - +1 cloak
rCorr  .         Warding  +     t - +0 pair of gloves
rMut   .         Stasis   .     (no boots)
MR     +....                    y - amulet of warding
Stlth  ..........               w - ring of see invisible
                                u - ring of protection from fire

@: mildly poisoned (51 -> 51), non-regenerating, somewhat resistant to hostile
enchantments, extremely unstealthy
A: damage resistance, recharge devices, sense surroundings 1, slow regeneration
3
a: Device Recharging, Depart the Abyss, Bend Space, Banish, Renounce Religion


You were on level 7 of the Dungeon.
You worshipped Lugonu.
Lugonu was most pleased with you.
You were very hungry.

You visited 1 branch of the dungeon, and saw 7 of its levels.
You visited the Abyss 1 time.

You collected 198 gold pieces.

Inventory:

Hand Weapons
 a - a +1 hand axe (weapon)
Missiles
 b - 7 bolts of flame
 k - 8 bolts of frost
Armour
 e - a +0 plate armour (worn)
 q - a +2 helmet (worn)
 s - a +1 cloak (worn)
 t - a +0 pair of gloves (worn)
Jewellery
 u - a ring of protection from fire (left hand)
 w - a ring of see invisible (right hand)
 y - an amulet of warding (around neck)
Wands
 c - a wand of heal wounds (0)
 l - a wand of teleportation (2)
 p - a wand of fireball (7)
 A - a wand of heal wounds (5)
Scrolls
 f - 6 scrolls of identify
 i - 2 scrolls of fog
 x - a scroll of teleportation
 z - a scroll of remove curse
Potions
 j - a potion of flight
 m - a potion of invisibility
 o - a potion of curing
Comestibles
 d - 5 bread rations
 g - 4 meat rations
 h - 5 beef jerkies
 n - 4 fruits


   Skills:
 + Level 6.1 Fighting
 * Level 9.7 Axes
 + Level 6.8 Armour
 - Level 1.1 Dodging
 + Level 7.7 Invocations


You had 7 spell levels left.
You didn't know any spells.

Dungeon Overview and Level Annotations

Branches:
Dungeon (7/15)
 Temple: D:4-7

Altars:
Cheibriados
Fedhas
Nemelex Xobeh
Ru
Trog

Annotations:
D:4 jw's ghost, amateur OpBe
D:7 corrupted


Innate Abilities, Weirdness & Mutations

You are resistant to damage.
You can recharge devices by infusing magical energy.
You passively map a small area around you.
You do not regenerate naturally.


Message History

ATTACK MOVE TO (1,-1)
The large abomination refuses to make way for you. (Use ctrl+direction to attack.) ATTACK MOVE TO (1,-1)
The large abomination refuses to make way for you. (Use ctrl+direction to attack.) ATTACK MOVE TO (1,-1)
The large abomination refuses to make way for you. (Use ctrl+direction to attack.) ATTACK MOVE TO (1,-1)
The large abomination refuses to make way for you. (Use ctrl+direction to attack.) ATTACK MOVE TO (1,-1)
The large abomination refuses to make way for you. (Use ctrl+direction to attack.) ATTACK MOVE TO (1,-1)
The large abomination refuses to make way for you. (Use ctrl+direction to attack.) ATTACK MOVE TO (1,-1)
The large abomination refuses to make way for you. (Use ctrl+direction to attack.) ATTACK MOVE TO (1,-1)
The large abomination refuses to make way for you. (Use ctrl+direction to attack.) ATTACK MOVE TO (1,-1)
The large abomination refuses to make way for you. (Use ctrl+direction to attack.) Infinite lua loop detected, aborting.
Are you sure you want to abandon this character and quit the game? (Confirm with "yes".)

, , , *
#....)... , ,,
...Z..Xoo ,
#>....).o , *
.....EZ.X , ##
,#....W#)., *
.##.. #....)...
#.....#.X......
* #.g.# * ,
##.###.### * ,
..#..x¤¤.# ,,
..¤XXhXXL5#* ,
,.¤¤¤#.¤¤35X# *
,
.¤¤.#Y#.4##..*
, L..,#..##.
#.# .. ,### .#
#.# , .# .#


You could see an orc wizard, 2 orcs, an adder skeleton, a neutral revenant
(wandering), a neutral thrashing horror, 4 neutral large abominations, a neutral
hellwing (wandering), a neutral air elemental, a neutral neqoxec (wandering), a
neutral wraith, 2 neutral ufetubi and a neutral shadow dragon skeleton.

Table legend:
 A = Turns spent in this place as a percentage of turns spent in the entire game.
 B = Non-inter-level travel turns spent in this place as a percentage of non-inter-level travel turns spent in the entire game.
 C = Inter-level travel turns spent in this place as a percentage of turns spent in this place.
 D = Turns resting spent in this place as a percentage of non-inter-level travel turns spent in this place.
 E = Turns spent auto-exploring this place as a percentage of non-inter-level travel turns spent in this place.
 F = Non-inter-level travel turns spent in this place divided by the number of levels of this place that you've seen.
                   A       B       C       D       E      F
               +-------+-------+-------+-------+-------+----------------------
         Total | 100.0 | 100.0 |   0.2 |   0.0 |   1.4 | 1887.6
       Dungeon |  99.6 |  99.6 |   0.2 |   0.0 |   1.4 | 2149.1
         Abyss |   0.4 |   0.4 |   0.0 |   0.0 |   3.5 |  57.0
               +-------+-------+-------+-------+-------+----------------------

Table legend:
 A = Kills in this place as a percentage of kills in entire the game.
 B = Kills by you in this place as a percentage of kills by you in the entire game.
 C = Kills by friends in this place as a percentage of kills by friends in the entire game.
 D = Other kills in this place as a percentage of other kills in the entire game.
 E = Experience gained in this place as a percentage of experience gained in the entire game.
 F = Experience gained in this place divided by the number of levels of this place that you have seen.
                   A       B       C       D       E      F
               +-------+-------+-------+-------+-------+----------------------
         Total | 100.0 | 100.0 |  -nan | 100.0 | 100.0 | 255.2
       Dungeon | 100.0 | 100.0 |  -nan | 100.0 | 100.0 | 291.7
               +-------+-------+-------+-------+-------+----------------------

Vanquished Creatures
  A sky beast (D:6)
  2 centaurs
  2 orc warriors (D:6)
  An ogre (D:5)
  A giant frog (D:6)
  2 giant frog zombies
  3 crimson imps
  4 orc wizards (D:5)
  A centaur skeleton (D:6)
  3 orc priests
  Jessica (D:3)
  2 worker ants (D:6)
  Robin (D:2)
  3 adders
  15 gnolls
  A shadow imp (D:5)
  An adder skeleton (D:6)
  A worm (D:6)
  2 giant geckos (D:1)
  11 orcs
  4 ball pythons
  6 bats
  5 giant cockroaches
  13 goblins
  6 hobgoblins
  3 jackals (D:6)
  8 kobolds
  2 quokkas
  3 giant newts
  A quokka skeleton (D:6)
  10 rats
119 creatures vanquished.

Vanquished Creatures (others)
  A scorpion (D:7)
  6 killer bees (D:7)
  A crimson imp (D:7)
  A jelly (D:7)
  2 orc wizards (D:7)
  2 orcs (D:7)
13 creatures vanquished.

Grand Total: 132 creatures vanquished

Notes
Turn   | Place    | Note
--------------------------------------------------------------
     0 | Abyss:1  | gw the Deep Dwarf Abyssal Knight began the quest for the Orb.
     0 | Abyss:1  | Reached XP level 1. HP: 20/20 MP: 2/2
    20 | D:1      | Escaped the Abyss
   153 | D:1      | Reached XP level 2. HP: 21/27 MP: 3/3
   562 | D:1      | Reached ** piety under Lugonu
   616 | D:1      | Reached skill level 3 in Axes
   646 | D:1      | You fall through a shaft!
   898 | D:2      | Noticed Robin
   902 | D:2      | Reached XP level 3. HP: 30/33 MP: 5/5
   921 | D:2      | Killed Robin
  1485 | D:2      | Found a sparkling altar of Nemelex Xobeh.
  1490 | D:2      | Found a sacrificial altar of Ru.
  1493 | D:2      | Found a bloodstained altar of Trog.
  1787 | D:2      | Reached skill level 5 in Fighting
  1787 | D:2      | Reached skill level 8 in Axes
  1787 | D:2      | Reached skill level 5 in Armour
  1787 | D:2      | Reached XP level 4. HP: 30/46 MP: 6/9
  1911 | D:3      | Reached XP level 5. HP: 41/52 MP: 10/10
  2059 | D:3      | Noticed Jessica
  2076 | D:3      | Killed Jessica
  2350 | D:3      | Reached *** piety under Lugonu
  2683 | D:4      | Noticed jw's ghost (amateur OpBe)
  2834 | D:4      | You fall through a shaft!
  2834 | D:5      | Entered Level 5 of the Dungeon
  2863 | D:5      | Reached XP level 6. HP: 55/61 MP: 9/9
  3236 | D:5      | Noticed an ogre
  3278 | D:5      | Killed an ogre
  3278 | D:5      | Reached XP level 7. HP: 39/67 MP: 10/10
  3421 | D:5      | Noticed a centaur
  3441 | D:5      | Killed a centaur
  3616 | D:6      | Reached skill level 9 in Axes
  3808 | D:6      | Reached XP level 8. HP: 40/76 MP: 10/10
  3821 | D:6      | Reached **** piety under Lugonu
  3999 | D:6      | Found a blossoming altar of Fedhas.
  4356 | D:6      | Found a snail-covered altar of Cheibriados.
  4670 | D:7      | Corrupted D:7
  4670 | D:7      | Noticed a starcursed mass
  4670 | D:7      | Noticed a revenant
  4670 | D:7      | Noticed a starcursed mass
  4670 | D:7      | Noticed a large abomination
  4670 | D:7      | Noticed a hellwing
  4670 | D:7      | Noticed a large abomination
  4670 | D:7      | Noticed a shadow dragon skeleton
  4670 | D:7      | Noticed a raiju
  4677 | D:7      | Noticed a revenant
  4678 | D:7      | Noticed a thrashing horror
  4678 | D:7      | Noticed a large abomination
  4679 | D:7      | Quit the game

Action                   |  1- 3 |  4- 6 |  7- 9 || total
-------------------------+-------+-------+-------++-------
Melee: Hand axe          |   136 |   243 |   304 ||   683
Invok: Bend Space        |       |     4 |       ||     4
       Banish            |       |     1 |       ||     1
       Corrupt           |       |       |     1 ||     1
 Abil: Device Recharging |       |     2 |     2 ||     4
Evoke: Wand              |     3 |    10 |    11 ||    24
  Use: Potion            |     5 |     2 |     2 ||     9
       Scroll            |     3 |     4 |     2 ||     9
  Eat: Chunk             |     3 |     6 |     5 ||    14

Vault maps used:
D:1:      lightli_arrival_isolated_outpost
D:2:      minmay_overflow_temple_star_quad, uniq_robin
D:3:      uniq_jessica
D:4:      nicolae_gozag_zags_fifth_avenue, nicolae_overflow_crystal_walls,
          minmay_temple_entry_hall, first_bread
D:6:      kennysheep_mini_moat, lemuel_coloured_pillars_altar
D:7:      kennysheep_vampire_church, old_standard_altar,
          gammafunk_temple_overflow_pools, enter_ossuary_2
